 Dungeon Crawl Stone Soup version 0.13.0-9-gbc74161 (webtiles) character file.

1222 Deemzul the Martial Artist (level 8, 0/53 HPs)
             Began as an Octopode Monk on Oct 17, 2013.
             Slain by Edmund
             ... wielding a +2,+3 flail of crushing
              (10 damage)
             ... on Level 6 of the Dungeon.
             The game lasted 00:09:55 (5278 turns).

Deemzul the Martial Artist (Octopode Monk)          Turns: 5278, Time: 00:09:56

HP   0/53        AC  1     Str 10      XL: 8   Next:  8%
MP   6/6         EV 13     Int 13      God:
Gold 316         SH  0     Dex 13 (16) Spells:  0 memorised,  7 levels left

Res.Fire  : . . .   See Invis. : .     - Unarmed
Res.Cold  : + . .   Warding    : .   (no shield)
Life Prot.: . . .   Conserve   : .   (helmet restricted)
Res.Poison: .       Res.Corr.  : .   (no amulet)
Res.Elec. : .       Clarity    : .   p - ring of wizardry
Sust.Abil.: . .     Spirit.Shd : .   t - ring of protection from cold {unknown}
Res.Mut.  : .       Stasis     : .   (no ring)
Res.Rott. : .       Flight     : .   (no ring)
Saprovore : . . .                    (no ring)
                                     (no ring)
                                     (no ring)
                                     (no ring)

@: slightly resistant to hostile enchantments, quite stealthy
A: almost no armour, amphibious, 8 rings, constrict 8, camouflage 1, -10% mp,
slow healing 1, AC +1
a: no special abilities


You were on level 6 of the Dungeon.
You were not hungry.

You visited 1 branch of the dungeon, and saw 6 of its levels.

You collected 316 gold pieces.

Inventory:

Magical devices
 w - a wand of disintegration (14) {unknown}
Comestibles
 b - 3 bread rations
 k - an apple
 o - a meat ration
 u - a pear
 v - a rotting chunk of hobgoblin flesh
Scrolls
 a - 3 scrolls of teleportation
 c - 4 scrolls of identify
 d - 3 scrolls of remove curse
 e - 2 scrolls of enchant armour {unknown}
 f - 2 scrolls of curse jewellery {unknown}
 g - 3 scrolls of fear {unknown}
 i - 2 scrolls of curse armour {unknown}
 j - a scroll of fog {unknown}
 m - a scroll of curse weapon {unknown}
 q - a scroll of enchant weapon II {unknown}
 r - a scroll of amnesia {unknown}
 s - a scroll of blinking {unknown}
 x - a scroll of enchant weapon I {unknown}
 y - a scroll of vulnerability {unknown}
Jewellery
 p - a ring of wizardry (left tentacle)
 t - a ring of protection from cold (right tentacle) {unknown}
Potions
 l - 3 potions of curing
 n - a potion of invisibility
 z - a potion of resistance


   Skills:
 + Level 4.8 Fighting
 - Level 3.0 Dodging
 - Level 2.6 Stealth
 * Level 9.0 Unarmed Combat


You had 7 spell levels left.
You didn't know any spells.

Dungeon Overview and Level Annotations

Branches:
Dungeon (6/27)
 Temple: D:4-7          Orc: D:6-11

Altars:
Kikubaaqudgha
Sif Muna
Trog
Vehumet
Yredelemnul
Zin

Annotations:
D:2 Crazy Yiuf
D:6 Edmund


Innate Abilities, Weirdness & Mutations

You cannot wear most types of armour.
You are amphibious.
You can wear up to eight rings at the same time.
You can use your tentacles to constrict many enemies at once.
Your skin changes colour to match your surroundings (Stlth).
Your rubbery body absorbs attacks (AC +1).
Your magical capacity is low (-10% MP).
You heal slowly.


Message History

Edmund is healed!
You bludgeon Edmund! Your squeeze misses Edmund.
Edmund is moderately wounded.
You constrict Edmund, but do no damage. Edmund hits you with a runed flail.
You hit Edmund but do no damage.
Edmund is moderately wounded.
You constrict Edmund. Edmund closely misses you.
You hit Edmund.
Edmund is heavily wounded.
You constrict Edmund, but do no damage. You hit Edmund.
Edmund is heavily wounded.
You constrict Edmund. Edmund hits you with a runed flail!
* * * LOW HITPOINT WARNING * * *
Drink which item? (? for menu, Esc to quit)
You feel better.
You constrict Edmund. Edmund barely misses you.
You hit Edmund but do no damage. You squeeze Edmund.
Edmund is severely wounded.
You constrict Edmund. Edmund hits you with a runed flail!
You die...

.# #..#.# .#. .######.#.#
... ......#.#.# #.#
.####.#.#.# #.# .#
#.#.#.# #.# .# #.....#
#.# .# ###.### ####.#
.######.#####....#
.......(........@#
.######.#####....@..$...#
........# ##.#####.###
######### #... #####


You could see Edmund.

Vanquished Creatures
  A necrophage (D:6)
  A phantom (D:6)
  Blork the orc (D:6)
  A crimson imp (D:5)
  A quasit (D:6)
  A hound (D:5)
  A jelly (D:5)
  2 scorpions
  3 orc wizards
  4 iguanas
  A worker ant (D:4)
  A hound zombie (D:5)
  A hound skeleton (D:5)
  10 adders
  4 worms
  An adder zombie (D:5)
  5 giant geckos
  An ooze (D:1)
  19 orcs
  12 bats
  7 giant cockroaches
  6 goblins
  7 hobgoblins
  9 kobolds
  A quokka (D:4)
  3 ball pythons
  5 giant newts
  10 jackals
  9 rats
128 creatures vanquished.

Vanquished Creatures (others)
  A gnoll (D:1)
  A kobold (D:1)
2 creatures vanquished.

Grand Total: 130 creatures vanquished

Notes
Turn   | Place    | Note
--------------------------------------------------------------
     0 | D:1      | Deemzul, the Octopode Monk, began the quest for the Orb.
     0 | D:1      | Reached XP level 1. HP: 14/14 MP: 0/0
    98 | D:1      | Reached XP level 2. HP: 17/19 MP: 1/1
   615 | D:1      | Reached XP level 3. HP: 14/25 MP: 2/2
   791 | D:1      | Reached skill level 5 in Unarmed Combat
  1282 | D:2      | Reached XP level 4. HP: 25/30 MP: 3/3
  1622 | D:2      | Noticed Crazy Yiuf
  1836 | D:3      | Reached skill level 6 in Unarmed Combat
  1860 | D:3      | Reached XP level 5. HP: 15/35 MP: 4/4
  2211 | D:3      | Found a glowing silver altar of Zin.
  2211 | D:3      | Noticed an angel
  3017 | D:4      | Reached skill level 7 in Unarmed Combat
  3131 | D:4      | Reached XP level 6. HP: 33/41 MP: 5/5
  3805 | D:5      | Entered Level 5 of the Dungeon
  4000 | D:6      | Noticed Blork the orc
  4010 | D:6      | Killed Blork the orc
  4010 | D:6      | Reached XP level 7. HP: 25/46 MP: 6/6
  4353 | D:5      | Found a radiant altar of Vehumet.
  4353 | D:5      | Found an ancient bone altar of Kikubaaqudgha.
  4358 | D:5      | Found a deep blue altar of Sif Muna.
  4359 | D:5      | Reached skill level 8 in Unarmed Combat
  4362 | D:5      | Found a bloodstained altar of Trog.
  4362 | D:5      | Found a basalt altar of Yredelemnul.
  4875 | D:6      | Noticed a necrophage
  4881 | D:6      | Killed a necrophage
  5014 | D:6      | Gained mutation: Your magical capacity is low (-10% MP). [potion of mutation]
  5014 | D:6      | Gained mutation: You heal slowly. [potion of mutation]
  5103 | D:6      | Reached skill level 9 in Unarmed Combat
  5103 | D:6      | Reached XP level 8. HP: 20/53 MP: 6/6
  5262 | D:6      | Noticed Edmund
  5278 | D:6      | Slain by Edmund

Action                   |  1- 3 |  4- 6 |  7- 9 || total
-------------------------+-------+-------+-------++-------
Melee: Unarmed           |    67 |   153 |   100 ||   320
  Use: Scroll            |       |     7 |     1 ||     8
       Potion            |       |     7 |     7 ||    14
 Stab: Sleeping          |     8 |    10 |     6 ||    24
       Distracted        |     1 |       |       ||     1
